Map: Ruins of Seras

Players

FearLess

  • Race: Terran Terran

iGXiGua (XiGua) - Winner!

  • Race: Zerg Zerg

Event: NationWars III

VOD

Have the link to the VOD?

Description

Time

  • Played on: Dec. 3, 2015, 5:39 p.m.
  • Length: 9:28

All games in this series

Show
View Real Time Build Order
Export as new Build Order

FearLess Terran 

Build Orders: Reaper Expand, MMM Bio, Banshee Rush 

Get SALT Encoding   

  12  0:01  SCV  
  13  0:13  SCV  
  14  0:18  Supply Depot  
  14  0:20  Supply Depot  
  14  0:25  SCV  
  15  0:42  SCV  
  16  0:44  Barracks  
  16  0:50  Refinery  
  16  0:54  SCV  
  17  1:06  SCV  
  18  1:18  SCV  
  19  1:31  Orbital Command  
  19  1:33  Reaper  
  20  1:45  Command Center  
  20  1:56  Supply Depot  
  20  1:57  SCV  
  21  2:02  Refinery  
  21  2:07  Reaper  
  22  2:09  SCV  
  23  2:22  SCV  
  24  2:27  Factory  
  24  2:34  SCV  
  25  2:40  Barracks Reactor  
  25  2:46  SCV  
  26  2:59  SCV, Orbital Command  
  27  3:11  SCV  
  27  3:12  Starport  
  28  3:23  SCV  
  30  3:27  SCV  
  30  3:28  Barracks Tech Lab  
  30  3:29  Hellion x2  
  34  3:35  Supply Depot, SCV  
  34  3:39  SCV  
  36  3:48  SCV  
  37  3:50  Bunker  
  37  3:51  SCV, Hellion x2  
  42  3:55  Banshee, Cloaking Field  
  42  3:58  Barracks Tech Lab  
  42  4:00  SCV  
  46  4:06  SCV  
  46  4:08  Supply Depot  
  47  4:11  Widow Mine x2  
  47  4:12  SCV  
  52  4:17  Marine  
  52  4:18  SCV, Stimpack  
  54  4:25  Supply Depot  
  54  4:30  SCV  
  55  4:32  SCV  
  55  4:34  Supply Depot  
  55  4:35  Marine  
  57  4:38  Banshee  
  57  4:40  Barracks  
  60  4:46  SCV  
  60  4:47  Barracks  
  60  4:51  Supply Depot  
  61  4:55  SCV  
  61  4:58  SCV  
  63  5:00  Factory Reactor  
  63  5:02  Engineering Bay  
  63  5:05  Engineering Bay  
  63  5:07  SCV  
  63  5:13  SCV  
  65  5:18  Command Center  
  65  5:22  SCV  
  65  5:25  Banshee  
  65  5:28  Marine x2  
  68  5:41  Terran Infantry Weapons Level 1, Terran Infantry Armor Level 1  
  68  5:43  Refinery x2  
  68  5:44  Marine x2  
  68  5:48  Barracks  
  70  5:51  Barracks  
  70  5:53  SCV  
  71  5:57  Marine  
  71  5:58  Marine x2  
  71  5:59  Factory Reactor  
  74  6:04  Marine  
  74  6:05  SCV x2  
  74  6:07  Supply Depot  
  74  6:10  Missile Turret  
  77  6:12  Marine  
  77  6:15  Marine  
  77  6:16  Marine  
  77  6:17  SCV  
  81  6:19  Starport Reactor  
  81  6:25  SCV  
  81  6:29  Armory, SCV  
  81  6:32  Orbital Command  
  83  6:36  Widow Mine x2  
  83  6:38  SCV, Marine x3  
  83  6:39  Marine  
  93  6:41  Marine  
  93  6:42  SCV  
  93  6:43  Barracks Reactor  
  93  6:44  Barracks Reactor  
  94  6:50  SCV, Factory  
  94  6:51  Supply Depot  
  95  6:54  Orbital Command  
  95  7:00  SCV  
  97  7:04  Medivac  
  97  7:05  Medivac  
  97  7:06  Supply Depot  
  100  7:09  Supply Depot  
  100  7:11  Missile Turret  
  100  7:12  Supply Depot, Marauder, Marine  
  100  7:13  Supply Depot  
  103  7:17  Marine x2  
  103  7:21  SCV x2  
  103  7:22  SCV  
  108  7:23  Marine  
  108  7:26  Widow Mine x2  
  113  7:33  Combat Shields  
  113  7:34  Marauder  
  113  7:40  Marine x2  
  113  7:41  Marine x2  
  117  7:51  Marine x4  
  117  7:53  Factory Tech Lab  
  117  7:55  Marauder  
  117  7:56  Supply Depot  
  117  7:57  SCV  
  117  7:58  SCV  
  125  8:01  SCV  
  125  8:03  Bunker  
  126  8:06  Supply Depot  
  126  8:09  Widow Mine, Marine x5  
  126  8:10  SCV x2  
  135  8:16  Marauder  
  135  8:29  Marine x2  
  136  8:36  Marine  
  136  8:38  Marauder  
  138  8:44  Marine  
  122  8:59  Marauder  
  122  9:02  Marine x2  
  114  9:10  Marine x2  
Show
View Real Time Build Order
Export as new Build Order

iGXiGua Zerg - Winner!

Build Orders: Hatch First 

Get SALT Encoding   

  12  0:01  Drone  
  13  0:09  Drone  
  14  0:17  Overlord  
  14  0:24  Extractor  
  14  0:25  Drone  
  15  0:36  Drone x2  
  17  0:54  Hatchery  
  17  0:57  Drone  
  17  1:01  Drone  
  18  1:11  Extractor  
  18  1:16  Spawning Pool  
  16  1:18  Drone  
  16  1:21  Drone  
  18  1:28  Drone  
  19  1:39  Overlord  
  19  1:48  Drone  
  20  2:02  Queen  
  20  2:03  Zergling x2  
  20  2:05  Queen  
  20  2:07  Zergling x2  
  26  2:12  Metabolic Boost, Drone  
  27  2:17  Drone  
  29  2:22  Drone  
  29  2:28  Drone  
  30  2:35  Overlord  
  30  2:38  Queen  
  30  2:41  Drone  
  30  2:43  Drone  
  34  2:48  Overlord  
  34  2:56  Drone  
  35  3:01  Drone  
  35  3:05  Drone  
  37  3:10  Drone  
  38  3:13  Drone x4  
  38  3:15  Drone  
  38  3:17  Drone  
  38  3:18  Drone  
  44  3:30  Hatchery  
  43  3:35  Extractor, Queen  
  43  3:36  Roach Warren  
  43  3:40  Drone  
  44  3:42  Drone  
  44  3:44  Drone x2  
  44  3:45  Drone  
  48  3:50  Overlord  
  48  3:56  Drone x3  
  48  3:59  Overlord  
  48  4:01  Overlord  
  51  4:06  Lair  
  51  4:11  Drone x2  
  51  4:12  Drone x2  
  51  4:15  Extractor  
  51  4:16  Extractor  
  53  4:19  Drone  
  53  4:21  Roach x2  
  53  4:24  Roach  
  59  4:29  Drone x2  
  61  4:31  Evolution Chamber  
  61  4:35  Evolution Chamber  
  61  4:37  Queen  
  61  4:42  Drone x3  
  61  4:43  Roach  
  66  4:46  Roach  
  66  4:49  Roach  
  66  4:52  Roach  
  72  4:53  Roach  
  74  5:03  Zerg Ground Armor Level 1  
  74  5:05  Zerg Missile Weapons Level 1  
  74  5:07  Glial Reconstitution  
  74  5:10  Overseer  
  74  5:13  Drone  
  74  5:14  Spore Crawler  
  74  5:18  Drone x2  
  74  5:21  Spore Crawler  
  74  5:22  Drone x2  
  74  5:27  Drone  
  74  5:32  Drone x2  
  74  5:33  Drone  
  74  5:40  Drone x3  
  74  5:41  Drone  
  75  5:44  Drone  
  75  5:46  Drone  
  77  5:50  Overlord  
  77  5:51  Overseer  
  77  5:54  Drone x2  
  79  5:59  Drone x2  
  79  6:01  Overlord  
  81  6:04  Overlord  
  81  6:11  Drone x2  
  81  6:12  Drone x3  
  86  6:21  Roach x4  
  86  6:25  Drone x4  
  94  6:26  Drone  
  94  6:29  Overlord  
  97  6:33  Drone x2, Extractor  
  97  6:34  Extractor  
  97  6:36  Overlord  
  97  6:40  Roach x3  
  97  6:46  Overlord  
  103  6:49  Overlord  
  103  6:51  Drone  
  103  6:53  Overlord  
  104  6:55  Queen  
  104  6:58  Roach x3  
  104  6:59  Roach  
  112  7:02  Roach x2  
  116  7:08  Roach  
  116  7:09  Roach x3  
  116  7:12  Ravager x2  
  116  7:13  Ravager x3  
  116  7:14  Ravager x4  
  134  7:15  Ravager  
  134  7:16  Ravager  
  134  7:18  Drone  
  136  7:23  Roach  
  136  7:24  Roach x3  
  136  7:28  Overlord x2  
  139  7:38  Drone x3  
  139  7:40  Drone  
  139  7:42  Roach  
  145  7:44  Hatchery  
  145  7:47  Overlord  
  145  7:49  Hatchery  
  144  7:52  Ravager x2  
  144  7:53  Ravager x5  
  144  7:54  Roach x2  
  144  7:57  Roach x2  
  159  8:01  Roach  
  159  8:02  Overlord  
  159  8:03  Overlord  
  161  8:10  Overlord  
  161  8:16  Roach x4  
  169  8:22  Roach x5  
  169  8:26  Roach x2  
  183  8:36  Roach x3  
  179  8:48  Roach  
  179  8:49  Roach x6  
  179  9:05  Roach x7  
Tags
 
Add a new tag
Caveats
  • Supply blocks, unpowered buildings, or Contaminate may cause inaccurate times.
  • Supply counts are checked every 10 seconds.